 Dungeon Crawl Stone Soup version 0.21.1-1-g345015f (webtiles) character file.

26 prawnwizard the Sneak (level 2, -1/13 HPs)
             Began as a Spriggan Enchanter on June 26, 2018.
             Killed from afar by a dart slug (4 damage)
             ... with a slug dart
             ... on level 2 of the Dungeon.
             The game lasted 00:07:15 (1709 turns).

prawnwizard the Sneak (Spriggan Enchanter)          Turns: 1709, Time: 00:07:15

Health: -1/13      AC:  2    Str:  4    XL:     2   Next: 89%
Magic:  6/6        EV: 19    Int: 16    God:
Gold:   82         SH:  0    Dex: 16    Spells: 5/6 levels left

rFire    . . .     SeeInvis +   a - +1 dagger
rCold    . . .     Gourm    .   (shield restricted)
rNeg     . . .     Faith    .   b - +0 robe
rPois    .         Spirit   .   (helmet restricted)
rElec    .         Reflect  .   (no cloak)
rCorr    .         Harm     .   (gloves unavailable)
MR       .....                  (boots unavailable)
Stlth    +++.......             (no amulet)
HPRegen  0.04/turn              (no ring)
MPRegen  0.10/turn              (no ring)

@: very quick
A: very small, unfitting armour, see invisible, herbivore, speed 3, slow
metabolism 2
a: no special abilities


You were on level 2 of the Dungeon.
You were not hungry.

You visited 1 branch of the dungeon, and saw 2 of its levels.

You collected 82 gold pieces.

Inventory:

Hand Weapons
 a - a +1 dagger (weapon)
Missiles
 g - 15 stones (quivered)
 j - 4 poisoned needles
Armour
 b - a +0 robe (worn)
Jewellery
 f - a cursed ring of teleportation {unknown}
Scrolls
 e - 3 scrolls of teleportation {unknown}
 h - 2 scrolls of identify {unknown}
 i - a scroll of remove curse {unknown}
 k - a scroll of enchant weapon {unknown}
 m - 2 scrolls of immolation {unknown}
 n - 3 scrolls of magic mapping {unknown}
Potions
 l - a potion of curing {unknown}
Books
 c - a book of Maledictions

   Spells                             Type                      Level
   a - Corona                         Hexes                        1
   b - Ensorcelled Hibernation        Hexes/Ice                    2
   c - Confuse                        Hexes                        3
   d - Tukima's Dance                 Hexes                        3
   e - Dazzling Spray                 Conjuration/Hexes            3
Comestibles
 d - 4 rations


   Skills:
 * Level 1.5 Short Blades
 + Level 3.7 Dodging
 + Level 5.1 Stealth
 + Level 2.8 Spellcasting
 + Level 3.9 Hexes


You had 5 spell levels left.
You knew the following spells:

 Your Spells              Type           Power        Failure   Level  Hunger
a - Corona                Hex            ##.....      3%          1    #......


Dungeon Overview and Level Annotations

Branches:
Dungeon (2/15)

Altars:


Innate Abilities, Weirdness & Mutations

You are very small and have problems with some larger weapons.
You are too small for most types of armour.
You have supernaturally acute eyesight. (SInv)
You are a herbivore.
You cover ground extremely quickly.
You need consume almost no food.


Message History

You hit the dart slug.
The dart slug is heavily wounded.
The dart slug bites you.
You hit the dart slug.
The dart slug is severely wounded.
The rat closely misses you. The dart slug closely misses you.
You completely miss the dart slug.
The dart slug is severely wounded.
The rat bites you but does no damage.
You hit the dart slug.
The dart slug is almost dead.
The rat bites you.
* * * LOW HITPOINT WARNING * * *
The dart slug misses you.
You hit the dart slug but do no damage.
The dart slug is almost dead.
The rat misses you. The dart slug launches a dart at you.
The slug dart hits you!
You die...

#..# #..# #..#
#..# #..#######
#..##...(#
#..#..##.##
#....##...##
#..###..@..# #..#
#..wr.# #####
#..###.....#
#...###....##...##
#.........)#.....
#...###.####.....#
##.## #... #.....#
#.# #.#####...##
#.# #.#


You could see a dart slug and a rat.

Vanquished Creatures
  A dart slug (D:1)
  2 leopard geckos (D:1)
  2 giant cockroaches (D:1)
  A goblin (D:1)
  2 hobgoblins (D:1)
  3 jackals (D:1)
  A ball python (D:1)
  3 bats (D:1)
  A frilled lizard (D:2)
  2 kobolds (D:1)
  2 rats (D:1)
20 creatures vanquished.

Notes
Turn   | Place    | Note
-------+----------+-------------------------------------------
     0 | D:1      | prawnwizard the Spriggan Enchanter began the quest for the Orb.
     0 | D:1      | Reached XP level 1. HP: 9/9 MP: 5/5
   565 | D:1      | Reached XP level 2. HP: 10/13 MP: 6/6
  1154 | D:1      | Reached skill level 5 in Stealth
  1709 | D:2      | Killed from afar by a dart slug

Skill      XL: |  1  2 |
---------------+-------+-----
Stealth        | 5 |  5.1
Short Blades   | |  1.5
Dodging        | |  3.7
Spellcasting   | |  2.8
Hexes          | |  3.9

Action                   || total
-------------------------++-------
Melee: Dagger            ||   118
 Stab: Sleeping          ||     3
Armor: Robe              ||    19
Dodge: Dodged            ||   108
